 Dungeon Crawl Stone Soup version 0.17-a0-1719-g1afd5a1 (webtiles) character file.

452 kae the Cudgeler (level 6, -1/47 HPs)
             Began as a Demonspawn Fighter on Aug 28, 2015.
             Was an Initiate of Makhleb.
             Slain by a sky beast (5 damage)
             ... on level 4 of the Dungeon.
             The game lasted 00:04:03 (3104 turns).

kae the Cudgeler (Demonspawn Fighter)               Turns: 3104, Time: 00:04:03

Health: -1/47      AC: 13    Str: 23    XL:     6   Next: 75%
Magic:  5/5        EV:  8    Int: 10    God:    Makhleb [......]
Gold:   44         SH: 11    Dex: 12    Spells: 0 memorised, 5 levels left

rFire  . . .     SeeInvis .     j - +2 whip (flame)
rCold  . . .     Clarity  .     t - +5 ring mail
rNeg   . . .     SustAt   .     c - +0 shield
rPois  .         Gourm    .     (helmet restricted)
rElec  .         Spirit   .     q - +0 cloak
rCorr  .         Warding  .     (no gloves)
rMut   .         Stasis   .     (no boots)
MR     .....                    (no amulet)
Stlth  +.........               (no ring)
                                (no ring)

@: mighty, not resistant to hostile enchantments, very unstealthy
A: antennae 1, claws 1, talons 1, large bone plates 1, demonic guardian 1, low
mp 1
a: Renounce Religion


You were on level 4 of the Dungeon.
You worshipped Makhleb.
Makhleb was noncommittal.
You were not hungry.

You visited 1 branch of the dungeon, and saw 4 of its levels.

You collected 44 gold pieces.

Inventory:

Hand weapons
 a - a +0 flail
 j - a +2 whip of flaming (weapon)
Armour
 c - a +0 shield (worn)
 q - a +0 cloak (worn)
 t - a +5 ring mail (worn)
Magical devices
 s - a wand of enslavement (7)
Scrolls
 g - a scroll of identify {unknown}
Potions
 f - a potion of mutation
 i - a potion of agility
 k - a potion of flight
 m - a potion of magic {unknown}
 n - a potion of cancellation {unknown}
 o - 3 potions of curing {unknown}
Books
 b - a book of Annihilations

   Spells                             Type                      Level
   a - Poison Arrow                   Conjuration/Poison           6
   b - Chain Lightning                Conjuration/Air              8
   c - Lehudib's Crystal Spear        Conjuration/Earth            8
   d - Glaciate                       Conjuration/Ice              9
   e - Fire Storm                     Conjuration/Fire             9
Comestibles
 e - 3 bread rations
 h - 2 meat rations
 p - 8 fruits


   Skills:
 - Level 3.0 Fighting
 + Level 6.7 Maces & Flails
 - Level 2.6 Armour
 - Level 2.6 Shields


You had 5 spell levels left.
You didn't know any spells.

Dungeon Overview and Level Annotations

Branches:
Dungeon (4/15)
 Temple: D:4-7

Altars:
Gozag
Makhleb
Okawaru
Ru
Xom


Innate Abilities, Weirdness & Mutations

You have sharp fingernails.
You are partially covered in large bone plates (AC +2, SH +2).
A weak demonic guardian rushes to your aid.
You have a pair of small antennae on your head.
You have sharp toenails.
Your magical capacity is low (-10% MP).


Message History

Attack!
You hear a bark!
The sky beast flickers out of sight!
Deactivating autopickup; reactivate with Ctrl-A.
Something hits your ufetubus. Something shocks your ufetubus.
Your crimson imp barely misses something.
An orc comes into view. It is wielding a club.
The orc shouts!
You miss something. You claw something! Something hits you.
* * * LOW HITPOINT WARNING * * *
Something shocks you.
* * * LOW HITPOINT WARNING * * *
A worker ant comes into view.
Unknown command.
You closely miss something.
A sky beast appears from thin air!
Reactivating autopickup.
The sky beast hits you.
* * * LOW HITPOINT WARNING * * *
The sky beast shocks you.
You die...

#.. .. # #.# #.
#. #.# .. #.###.#
##. ##.....##..
........#.# #.
#55.#.#
##...##.5Y..#
#.....≈<.@.##
..#........5.....
..a..##...#...##.
#### #.#####....
..# #..# .o.# ...
#..## ## #%.


You could see a sky beast, a worker ant, an orc, a friendly iron imp, a friendly
crimson imp, a friendly white imp and a friendly ufetubus.

Vanquished Creatures
  The ghost of cmdexe the Skirmisher, an experienced DsFi (D:4)
  A hound (D:4)
  Jessica (D:3)
  5 adders
  An ooze (D:1)
  4 giant geckos
  An orc (D:3)
  4 giant cockroaches
  7 goblins
  8 hobgoblins
  12 kobolds
  2 quokkas (D:2)
  A ball python (D:3)
  8 bats
  2 giant newts
  6 jackals
  2 rats
66 creatures vanquished.

Vanquished Creatures (collateral kills)
  Ijyb (D:3)
1 creature vanquished.

Grand Total: 67 creatures vanquished

Notes
Turn   | Place    | Note
--------------------------------------------------------------
     0 | D:1      | kae the Demonspawn Fighter began the quest for the Orb.
     0 | D:1      | Reached XP level 1. HP: 18/18 MP: 1/1
   229 | D:1      | Gained mutation: You have sharp fingernails. [demonic ancestry]
   229 | D:1      | Reached XP level 2. HP: 16/24 MP: 2/2
  1276 | D:2      | Reached XP level 3. HP: 24/29 MP: 3/3
  1342 | D:2      | Found an iron altar of Okawaru.
  1627 | D:2      | Found a sacrificial altar of Ru.
  1627 | D:2      | Found a shimmering altar of Xom.
  1692 | D:2      | Gained mutation: A weak demonic guardian rushes to your aid. [demonic ancestry]
  1692 | D:2      | Reached XP level 4. HP: 31/35 MP: 4/4
  1704 | D:2      | Reached skill level 4 in Maces & Flails
  2179 | D:3      | Noticed Jessica
  2183 | D:3      | Killed Jessica
  2237 | D:3      | Found a burning altar of Makhleb.
  2250 | D:3      | Became a worshipper of Makhleb the Destroyer
  2297 | D:3      | Reached XP level 5. HP: 31/41 MP: 5/5
  2462 | D:3      | Noticed Ijyb
  2481 | D:3      | Gained mutation: Your magical capacity is low (-10% MP). [potion of mutation]
  2481 | D:3      | Gained mutation: You have a pair of small antennae on your head. [potion of mutation]
  2481 | D:3      | Gained mutation: You have sharp toenails. [potion of mutation]
  2484 | D:3      | Killed Ijyb
  2976 | D:3      | Reached skill level 5 in Maces & Flails
  3053 | D:3      | Found an opulent altar of Gozag.
  3085 | D:4      | Noticed cmdexe's ghost (experienced DsFi)
  3091 | D:4      | Noticed a sky beast
  3097 | D:4      | Killed cmdexe's ghost
  3097 | D:4      | Reached skill level 6 in Maces & Flails
  3097 | D:4      | Gained mutation: You are partially covered in large bone plates (AC +2, SH +2). [demonic ancestry]
  3097 | D:4      | Reached XP level 6. HP: 12/47 MP: 5/5
  3104 | D:4      | Slain by a sky beast

Vault maps used:
D:1:      ncdulo_wetmaze, eino_curves_02, corexii_leaking_fountain
D:2:      gammafunk_temple_overflow_wave, nicolae_overflow_hidden_temple
D:3:      old_standard_altar, lemuel_round_altar, minmay_door_square, uniq_iyjb,
          uniq_jessica

Action                   |  1- 3 |  4- 6 || total
-------------------------+-------+-------++-------
Melee: Flail             |    52 |       ||    52
       Whip              |    43 |    98 ||   141
  Use: Potion            |       |     4 ||     4
       Scroll            |       |     2 ||     2
  Eat: Chunk             |     2 |     5 ||     7
